| TOP OF THE 1ST |
|
Jackson Generals batting - Pitching for Trenton Thunder : RHP Troy DiFiore
|
|
Pitching: RHP Troy DiFiore
|
|
|
Batting: RHB Malik Brookshire
|
0-0: Swinging Strike 0-1: Ball 1-1: Ball 2-1: Foul Ball, location: 2F 2-2: Ball 3-2: Fly out, F9 (Flyball, 9D, EV 95.6 MPH)
|
|
Batting: RHB Sean Peake
|
0-0: Ball 1-0: Called Strike 1-1: Ground out 6-3 (Groundball, 56D, EV 105.0 MPH)
|
|
Batting: LHB Jerrod Cluck
|
0-0: Ball 1-0: Foul Ball, location: 2F 1-1: Swinging Strike 1-2: Ball 2-2: Ball 3-2: Base on Balls
|
|
Batting: LHB Cliff Thomas
|
0-0: Called Strike Jerrod Cluck steals 2nd base 0-1: Ball 1-1: Foul Ball, location: 2F 1-2: Ball 2-2: Strikes out swinging
|
| Top of the 1st over - 0 runs, 0 hits, 0 errors, 1 left on base; Jackson 0 - Trenton 0 |
| BOTTOM OF THE 1ST |
|
Trenton Thunder batting - Pitching for Jackson Generals : RHP Tom Graham
|
|
Pitching: RHP Tom Graham
|
|
|
Batting: LHB Frank Mullen
|
0-0: Called Strike 0-1: Ball 1-1: Swinging Strike 1-2: Ball 2-2: Strikes out swinging
|
|
Batting: SHB David Bantista
|
0-0: Ball 1-0: Ball 2-0: Called Strike 2-1: Called Strike 2-2: Foul Ball, location: 2F 2-2: Foul Ball, location: 2F 2-2: Strikes out swinging
|
|
Batting: RHB Ryan Alban
|
0-0: Ball 1-0: Foul Ball, location: 2F 1-1: Foul Ball, location: 2F 1-2: Fly out, F9 (Flyball, 9D, EV 106.9 MPH)
|
| Bottom of the 1st over - 0 runs, 0 hits, 0 errors, 0 left on base; Jackson 0 - Trenton 0 |
| TOP OF THE 2ND |
|
Jackson Generals batting - Pitching for Trenton Thunder : RHP Troy DiFiore
|
|
Batting: RHB Tony Vargas
|
0-0: Ball 1-0: Called Strike 1-1: Ball 2-1: Ball 3-1: Foul Ball, location: 2F 3-2: Base on Balls
|
|
Batting: LHB Tom Reynolds
|
0-0: Called Strike 0-1: Ball 1-1: Ball 2-1: Ball 3-1: Base on Balls Tony Vargas to second
|
|
Batting: RHB Harutomi Matsubara
|
0-0: Foul Ball, location: 2F 0-1: Swinging Strike 0-2: Foul Ball, location: 2F 0-2: Ball 1-2: Strikes out swinging
|
|
Batting: LHB Dwain Ashford
|
0-0: Grounds into double play, 6-4-3 (Groundball, 6MD, EV 95.0 MPH)
|
| Top of the 2nd over - 0 runs, 0 hits, 0 errors, 1 left on base; Jackson 0 - Trenton 0 |
| BOTTOM OF THE 2ND |
|
Trenton Thunder batting - Pitching for Jackson Generals : RHP Tom Graham
|
|
Batting: RHB Jeremy Lewis
|
0-0: Ball 1-0: Ground out 5-3 (Groundball, 56, EV 81.3 MPH)
|
|
Batting: SHB Bobby Reynolds
|
0-0: Ball 1-0: Ground out 4-3 (Groundball, 34D, EV 98.1 MPH)
|
|
Batting: LHB Ryan Rodgers
|
0-0: Ball 1-0: Swinging Strike 1-1: Ball 2-1: Swinging Strike 2-2: Fly out, F9 (Flyball, 89XD, EV 86.9 MPH)
|
| Bottom of the 2nd over - 0 runs, 0 hits, 0 errors, 0 left on base; Jackson 0 - Trenton 0 |
| TOP OF THE 3RD |
|
Jackson Generals batting - Pitching for Trenton Thunder : RHP Troy DiFiore
|
|
Batting: RHB Brad Robidas
|
0-0: Fly out, F7 (Line Drive, 7, EV 88.8 MPH)
|
|
Batting: RHB Malik Brookshire
|
0-0: Called Strike 0-1: Ball 1-1: Called Strike 1-2: Strikes out swinging
|
|
Batting: RHB Sean Peake
|
0-0: Ball 1-0: Foul Ball, location: 2F 1-1: Fly out, F9 (Flyball, 9LM, EV 95.6 MPH)
|
| Top of the 3rd over - 0 runs, 0 hits, 0 errors, 0 left on base; Jackson 0 - Trenton 0 |
| BOTTOM OF THE 3RD |
|
Trenton Thunder batting - Pitching for Jackson Generals : RHP Tom Graham
|
|
Batting: RHB Stu Rancourt
|
0-0: Ball 1-0: Ball 2-0: Called Strike 2-1: Ball 3-1: Ground out 5-3 (Groundball, 5, EV 80.6 MPH)
|
|
Batting: RHB Herb Craig
|
0-0: Ball 1-0: Ball 2-0: Foul Ball, location: 2F 2-1: Swinging Strike 2-2: Foul Ball, location: 2F 2-2: Foul Ball, location: 2F 2-2: Ground out 6-3 (Groundball, 6S, EV 68.1 MPH)
|
|
Batting: RHB Jose Garza
|
0-0: Ground out 6-3 (Groundball, 56, EV 105.0 MPH)
|
| Bottom of the 3rd over - 0 runs, 0 hits, 0 errors, 0 left on base; Jackson 0 - Trenton 0 |
| TOP OF THE 4TH |
|
Jackson Generals batting - Pitching for Trenton Thunder : RHP Troy DiFiore
|
|
Batting: LHB Jerrod Cluck
|
0-0: Called Strike 0-1: Called Strike 0-2: SOLO HOME RUN (Flyball, 9LD, EV 93.1 MPH), Distance : 351 ft
|
|
Batting: LHB Cliff Thomas
|
0-0: Called Strike 0-1: Ball 1-1: Foul Ball, location: 2F 1-2: Ball 2-2: Ball 3-2: Base on Balls
|
|
Batting: RHB Tony Vargas
|
0-0: Ball 1-0: Foul Ball, location: 2F 1-1: Foul Ball, location: 2F 1-2: Foul Ball, location: 2F 1-2: Fielders Choice at 2nd, 3-6 (Groundball, 34, EV 83.8 MPH)
|
|
Batting: LHB Tom Reynolds
|
0-0: Ball 1-0: Swinging Strike 1-1: Ball 2-1: Swinging Strike 2-2: Ball 3-2: Fly out, F7 (Line Drive, 7, EV 92.5 MPH)
|
|
Batting: RHB Harutomi Matsubara
|
0-0: Ball 1-0: Ball 2-0: Ball 3-0: Called Strike 3-1: Called Strike 3-2: Strikes out swinging
|
| Top of the 4th over - 1 run, 1 hit, 0 errors, 1 left on base; Jackson 1 - Trenton 0 |
| BOTTOM OF THE 4TH |
|
Trenton Thunder batting - Pitching for Jackson Generals : RHP Tom Graham
|
|
Batting: LHB Frank Mullen
|
0-0: Called Strike 0-1: Ball 1-1: Fly out, F9 (Flyball, 9LM, EV 97.5 MPH)
|
|
Batting: SHB David Bantista
|
0-0: Called Strike 0-1: Ball 1-1: Called Strike 1-2: Strikes out swinging
|
|
Batting: RHB Ryan Alban
|
0-0: SINGLE (Flyball, 4D, EV 95.6 MPH)
|
|
Batting: RHB Jeremy Lewis
|
0-0: Called Strike 0-1: Ground out 1-3 (Groundball, P, EV 66.3 MPH)
|
| Bottom of the 4th over - 0 runs, 1 hit, 0 errors, 1 left on base; Jackson 1 - Trenton 0 |
| TOP OF THE 5TH |
|
Jackson Generals batting - Pitching for Trenton Thunder : RHP Troy DiFiore
|
|
Batting: LHB Dwain Ashford
|
0-0: Ball 1-0: Foul Ball, location: 2F 1-1: Swinging Strike 1-2: Foul Ball, location: 2F 1-2: Strikes out swinging
|
|
Batting: RHB Brad Robidas
|
0-0: Ball 1-0: Swinging Strike 1-1: Ball 2-1: Foul Ball, location: 2F 2-2: Strikes out swinging
|
|
Batting: RHB Malik Brookshire
|
0-0: Ball 1-0: Called Strike 1-1: Ground out 1-3 (Groundball, 34S, EV 70.0 MPH)
|
| Top of the 5th over - 0 runs, 0 hits, 0 errors, 0 left on base; Jackson 1 - Trenton 0 |
| BOTTOM OF THE 5TH |
|
Trenton Thunder batting - Pitching for Jackson Generals : RHP Tom Graham
|
|
Batting: SHB Bobby Reynolds
|
0-0: Fly out, F8 (Flyball, 89M, EV 86.9 MPH)
|
|
Batting: LHB Ryan Rodgers
|
0-0: Ball 1-0: Called Strike 1-1: SINGLE (Groundball, 6D, EV 95.6 MPH)
|
|
Batting: RHB Stu Rancourt
|
0-0: Called Strike 0-1: Ball 1-1: Ball 2-1: DOUBLE (Groundball, 5L, EV 95.0 MPH) Ryan Rodgers to third
|
|
Batting: RHB Herb Craig
|
0-0: Ball 1-0: SINGLE (Groundball, 34, EV 95.6 MPH) Ryan Rodgers scores Stu Rancourt to third Runner from 3rd tries for Home, throw by RF and OUT! 9-2
|
|
Batting: RHB Jose Garza
|
0-0: Called Strike Herb Craig steals 2nd base 0-1: Ground out 4-3 (Groundball, 4, EV 83.1 MPH)
|
| Bottom of the 5th over - 1 run, 3 hits, 0 errors, 1 left on base; Jackson 1 - Trenton 1 |
| TOP OF THE 6TH |
|
Jackson Generals batting - Pitching for Trenton Thunder : RHP Troy DiFiore
|
|
Batting: RHB Sean Peake
|
0-0: Ball 1-0: Ground out 4-3 (Groundball, 4, EV 81.9 MPH)
|
|
Batting: LHB Jerrod Cluck
|
0-0: Ball 1-0: Ball 2-0: Ball 3-0: Called Strike 3-1: Called Strike 3-2: Strikes out swinging
|
|
Batting: LHB Cliff Thomas
|
0-0: Called Strike 0-1: Swinging Strike 0-2: Strikes out swinging
|
| Top of the 6th over - 0 runs, 0 hits, 0 errors, 0 left on base; Jackson 1 - Trenton 1 |
| BOTTOM OF THE 6TH |
|
Trenton Thunder batting - Pitching for Jackson Generals : RHP Tom Graham
|
|
Batting: LHB Frank Mullen
|
0-0: Ball 1-0: Swinging Strike 1-1: Ball 2-1: SINGLE (Line Drive, 8LS, EV 107.5 MPH)
|
|
Batting: SHB David Bantista
|
0-0: Called Strike Frank Mullen is caught stealing 2nd base 2-6 0-1: Foul Ball, location: 2F 0-2: Fly out, F9 (Flyball, 9D, EV 104.4 MPH)
|
|
Batting: RHB Ryan Alban
|
0-0: Fly out, F2 (Popup, 13S, EV 85.6 MPH)
|
| Bottom of the 6th over - 0 runs, 1 hit, 0 errors, 0 left on base; Jackson 1 - Trenton 1 |
| TOP OF THE 7TH |
|
Jackson Generals batting - Pitching for Trenton Thunder : RHP Troy DiFiore
|
|
Batting: RHB Tony Vargas
|
0-0: Fly out, F9 (Flyball, 89D, EV 96.3 MPH)
|
|
Pitching: RHP Jose Ricoy
|
|
|
Batting: LHB Tom Reynolds
|
0-0: Ball 1-0: Swinging Strike 1-1: Ball 2-1: SINGLE (Line Drive, 6MD, EV 108.8 MPH)
|
|
Batting: RHB Harutomi Matsubara
|
0-0: Foul Ball, location: 2F 0-1: Foul Ball, location: 2F 0-2: Ball 1-2: Strikes out looking
|
|
Batting: LHB Dwain Ashford
|
0-0: Ground out 4-3 (Groundball, 4, EV 106.9 MPH)
|
| Top of the 7th over - 0 runs, 1 hit, 0 errors, 1 left on base; Jackson 1 - Trenton 1 |
| BOTTOM OF THE 7TH |
|
Trenton Thunder batting - Pitching for Jackson Generals : RHP Tom Graham
|
|
Batting: RHB Jeremy Lewis
|
0-0: Foul Ball, location: 2F 0-1: Ball 1-1: TRIPLE (Line Drive, 8LXD, EV 113.8 MPH)
|
|
Batting: SHB Bobby Reynolds
|
0-0: Fly out, F6 (Popup, 4MS, EV 64.4 MPH)
|
|
Pitching: LHP Matt Purke Jr.
|
|
|
Batting: LHB Ryan Rodgers
|
0-0: Ball 1-0: Foul Ball, location: 2F 1-1: Ground out 1-3 (Groundball, 15S, EV 65.0 MPH)
|
|
Batting: RHB Stu Rancourt
|
0-0: Swinging Strike 0-1: Fly out, F9 (Flyball, 9S, EV 90.0 MPH)
|
| Bottom of the 7th over - 0 runs, 1 hit, 0 errors, 1 left on base; Jackson 1 - Trenton 1 |
| TOP OF THE 8TH |
|
Jackson Generals batting - Pitching for Trenton Thunder : RHP Jose Ricoy
|
|
Batting: RHB Brad Robidas
|
0-0: Foul Ball, location: 2F 0-1: Ball 1-1: Ball 2-1: Fly out, F4 (Line Drive, 4, EV 73.1 MPH)
|
|
Batting: RHB Malik Brookshire
|
0-0: Ball 1-0: Ball 2-0: Called Strike 2-1: Swinging Strike 2-2: Ball 3-2: Foul Ball, location: 2F 3-2: Strikes out swinging
|
|
Batting: RHB Sean Peake
|
0-0: Ground out 6-3 (Groundball, 6, EV 81.3 MPH)
|
| Top of the 8th over - 0 runs, 0 hits, 0 errors, 0 left on base; Jackson 1 - Trenton 1 |
| BOTTOM OF THE 8TH |
|
Trenton Thunder batting - Pitching for Jackson Generals : LHP Matt Purke Jr.
|
|
Batting: RHB Herb Craig
|
0-0: Foul Ball, location: 2F 0-1: Ball 1-1: Ball 2-1: Ball 3-1: Fly out, F6 (Line Drive, 6, EV 55.6 MPH)
|
|
Batting: RHB Jose Garza
|
0-0: Ball 1-0: Ball 2-0: Ball 3-0: Called Strike 3-1: Called Strike 3-2: SINGLE (Line Drive, 9S, EV 94.4 MPH)
|
|
Pinch Hitting: RHB Alex Harvey
|
0-0: Called Strike 0-1: Ball Balk! Jose Garza to second 1-1: Intentional Walk
|
|
Batting: SHB David Bantista
|
0-0: Foul Ball, location: 2F 0-1: Called Strike 0-2: Foul Ball, location: 2F 0-2: Ball 1-2: Ball 2-2: Grounds into double play, 4-6-3 (Groundball, 4, EV 99.4 MPH)
|
| Bottom of the 8th over - 0 runs, 1 hit, 0 errors, 1 left on base; Jackson 1 - Trenton 1 |
| TOP OF THE 9TH |
|
Jackson Generals batting - Pitching for Trenton Thunder : RHP Jose Ricoy
|
|
Now at 3B: Roberto Castaneda
|
|
|
Now at SS: Herb Craig
|
|
|
Batting: LHB Jerrod Cluck
|
0-0: Ball 1-0: Ball 2-0: Called Strike 2-1: Ball 3-1: Fly out, F3 (Popup, 23F, EV 79.4 MPH)
|
|
Pitching: LHP Travis Lowy
|
|
|
Pinch Hitting: RHB Micah Roth
|
0-0: Called Strike 0-1: Ball 1-1: Swinging Strike 1-2: Ground out 3-1 (Groundball, 34S, EV 66.3 MPH)
|
|
Batting: RHB Tony Vargas
|
0-0: Called Strike 0-1: Foul Ball, location: 2F 0-2: Ball 1-2: Foul Ball, location: 2F 1-2: Fly out, F9 (Flyball, 9D, EV 97.5 MPH)
|
| Top of the 9th over - 0 runs, 0 hits, 0 errors, 0 left on base; Jackson 1 - Trenton 1 |
| BOTTOM OF THE 9TH |
|
Trenton Thunder batting - Pitching for Jackson Generals : LHP Matt Purke Jr.
|
|
Pitching: RHP Victor Cervantes
|
|
|
Now in RF: Micah Roth
|
|
|
Batting: RHB Ryan Alban
|
0-0: Called Strike 0-1: Swinging Strike 0-2: Ball 1-2: Foul Ball, location: 2F 1-2: Strikes out swinging
|
|
Batting: RHB Jeremy Lewis
|
0-0: Called Strike 0-1: Ball 1-1: Ball 2-1: Foul Ball, location: 2F 2-2: Ground out 3-1 (Groundball, 34, EV 88.8 MPH)
|
|
Batting: SHB Bobby Reynolds
|
0-0: Ball 1-0: Ball 2-0: Called Strike 2-1: Called Strike 2-2: Strikes out swinging
|
| Bottom of the 9th over - 0 runs, 0 hits, 0 errors, 0 left on base; Jackson 1 - Trenton 1 |
| TOP OF THE 10TH |
|
Jackson Generals batting - Pitching for Trenton Thunder : LHP Travis Lowy
|
|
Pitching: RHP Jeff Katechis
|
|
|
Batting: LHB Tom Reynolds
|
0-0: Called Strike 0-1: Swinging Strike 0-2: Strikes out looking
|
|
Pinch Hitting: LHB Justin Long
|
0-0: Called Strike 0-1: Foul Ball, location: 2F 0-2: Strikes out looking
|
|
Batting: LHB Dwain Ashford
|
0-0: Foul Ball, location: 2F 0-1: Foul Ball, location: 2F 0-2: Ground out 4-3 (Groundball, 4, EV 90.0 MPH)
|
| Top of the 10th over - 0 runs, 0 hits, 0 errors, 0 left on base; Jackson 1 - Trenton 1 |
| BOTTOM OF THE 10TH |
|
Trenton Thunder batting - Pitching for Jackson Generals : RHP Victor Cervantes
|
|
Now at 2B: Jesus Torres
|
|
|
Now at SS: Malik Brookshire
|
|
|
Batting: LHB Ryan Rodgers
|
0-0: SOLO HOME RUN (Flyball, 89XD, EV 102.5 MPH), Distance : 419 ft
|
| Bottom of the 10th over - 1 run, 1 hit, 0 errors, 0 left on base; Jackson 1 - Trenton 2 |
| |
|
Game Over ... Trenton defeats Jackson, 2 to 1
|
|
|